 Dungeon Crawl Stone Soup version 0.20.1-1-g8b1a95d (webtiles) character file.

491 tmwrnj the Chopper (level 7, -2/60 HPs)
             Began as a Hill Orc Fighter on July 30, 2017.
             Was a Follower of Beogh.
             Slain by an ogre
             ... wielding a +0 giant club
              (16 damage)
             ... on level 3 of the Dungeon.
             The game lasted 00:14:30 (4417 turns).

tmwrnj the Chopper (Hill Orc Fighter)               Turns: 4417, Time: 00:14:31

Health: -2/60      AC: 13    Str: 21    XL:     7   Next: 14%
Magic:  7/7        EV:  4    Int:  8    God:    Beogh [*.....]
Gold:   193        SH:  9    Dex: 10    Spells: 6/6 levels left

rFire    . . .     SeeInvis .   a - +0 war axe
rCold    + . .     Gourm    .   c - +0 shield
rNeg     . . .     Faith    .   r - +0 plate armour
rPois    .         Spirit   .   (no helmet)
rElec    .         Reflect  .   (no cloak)
rCorr    .         Harm     .   (no gloves)
MR       .....                  D - +0 pair of boots
Stlth    ..........             (no amulet)
Regen    0.2/turn               (no ring)
MPRegen  0.1/turn               m - ring of protection from cold

@: no status effects
A: no striking features
a: Renounce Religion


You were on level 3 of the Dungeon.
You worshipped Beogh.
Beogh was aware of your devotion.
You were hungry.

You visited 1 branch of the dungeon, and saw 6 of its levels.

You collected 193 gold pieces.

Inventory:

Hand Weapons
 a - a +0 war axe (weapon)
Armour
 b - a +0 scale mail
 c - a +0 shield (worn)
 r - a +0 plate armour (worn)
 D - a +0 pair of boots (worn)
Jewellery
 m - a ring of protection from cold (right hand)
Wands
 B - a wand of random effects (31/48)
 E - a wand of flame (22/48)
 F - a wand of polymorph (8/24)
Scrolls
 e - 4 scrolls of remove curse
 g - 4 scrolls of identify
 h - 4 scrolls of enchant weapon
 k - 6 scrolls of magic mapping {unknown}
 l - 2 scrolls of recharging {unknown}
 o - a scroll of fog {unknown}
 p - 2 scrolls of teleportation {unknown}
 t - a scroll of immolation {unknown}
 y - 2 scrolls of blinking {unknown}
 A - a scroll of amnesia {unknown}
 C - 2 scrolls of fear {unknown}
Potions
 d - 2 potions of might
 i - a potion of ambrosia {unknown}
 j - 2 potions of heal wounds {unknown}
 q - a potion of lignification {unknown}
 s - a potion of mutation {unknown}
 u - a potion of agility {unknown}
 w - a potion of degeneration {unknown}
 x - a potion of invisibility {unknown}
 z - a potion of curing {unknown}
Comestibles
 f - 3 bread rations
 n - a royal jelly
 v - 5 meat rations


   Skills:
 + Level 4.7 Fighting
 + Level 6.5 Axes
 + Level 5.0 Armour
 + Level 0.5 Dodging
 + Level 0.5 Stealth
 + Level 4.8 Shields


You had 6 spell levels left.
You didn't know any spells.

Dungeon Overview and Level Annotations

Branches:
Dungeon (6/15)
 Temple: D:4-7

Altars:
The Shining One

Annotations:
D:4 2 runed doors
D:5 1 runed door


Message History

The worker ant bites you but does no damage.
The ogre hits you with a giant club! The iguana bites you!
The giant cockroach bites you but does no damage.
There is a stone staircase leading up, spattered with blood here.
You block the worker ant's attack. x2; The iguana bites you!
You block the giant cockroach's attack. The ogre hits you with a giant club!
* * * LOW HITPOINT WARNING * * *
The worker ant bites you but does no damage.
You climb upwards.
There is a stone staircase leading down here.
You hit the giant cockroach but do no damage.
Your plate armour prevents you from hitting the worker ant.
You closely miss the ogre.
Your shield and plate armour prevent you from hitting the iguana.
The worker ant barely misses you.
The giant cockroach bites you but does no damage.
The iguana bites you.
* * * LOW HITPOINT WARNING * * *
The ogre hits you with a giant club!
You die...

#.#..# ####..#.### ##
####.....#...# #.
#.........##.#####.
###.##....#.......###
#.........###...#..##
##..........####..#...
#...8s8..#...# ##..###
#####...l@aa.#.#.#####...#
##.......8O8..#.#..#.......
##......[..)...#.....##..###
#..............###...###..#.
#.............## ##.........
#.........)..## #.####....
##..........#######.........
##...#.(......).....####...
#####(###...#####..# ##..


You could see an ogre, an iguana, 2 worker ants and a giant cockroach.

Vanquished Creatures
  Blork the orc (D:5)
  2 crimson imps (D:5)
  2 orc priests (D:5)
  A hound (D:4)
  Jessica (D:2)
  3 worker ants
  9 adders
  4 worms
  A dart slug (D:2)
  4 leopard geckos
  5 orcs
  3 giant cockroaches
  5 goblins
  5 hobgoblins
  10 jackals
  11 kobolds
  2 ball pythons (D:4)
  8 bats
  4 frilled lizards
  6 rats
  13 plants (D:1)
100 creatures vanquished.

Vanquished Creatures (others)
  An orc priest (D:3)
  3 orcs (D:3)
4 creatures vanquished.

Grand Total: 104 creatures vanquished

Notes
Turn   | Place    | Note
-------+----------+-------------------------------------------
     0 | D:1      | tmwrnj the Hill Orc Fighter began the quest for the Orb.
     0 | D:1      | Reached XP level 1. HP: 19/19 MP: 1/1
    59 | D:1      | Reached XP level 2. HP: 7/27 MP: 2/2
    62 | D:1      | Reached skill level 3 in Axes
   420 | D:1      | Reached XP level 3. HP: 19/33 MP: 3/3
  1459 | D:2      | Reached skill level 4 in Axes
  1631 | D:3      | Noticed Jessica
  1645 | D:2      | Killed Jessica
  1645 | D:2      | Reached XP level 4. HP: 40/40 MP: 4/4
  1917 | D:3      | Became a worshipper of Beogh the Brigand
  2092 | D:3      | Reached XP level 5. HP: 46/46 MP: 5/5
  2455 | D:4      | Reached skill level 5 in Axes
  2645 | D:4      | Found a large runed door.
  2645 | D:4      | Found a large runed door.
  2696 | D:4      | Noticed a yak
  2706 | D:5      | Entered Level 5 of the Dungeon
  2728 | D:5      | Noticed Blork the orc
  2738 | D:5      | Killed Blork the orc
  2738 | D:5      | Reached skill level 6 in Axes
  2738 | D:5      | Reached XP level 6. HP: 45/52 MP: 6/6
  3774 | D:5      | Noticed a sky beast
  3836 | D:5      | Found a glowing golden altar of the Shining One.
  3836 | D:5      | Noticed an angel
  3837 | D:5      | Found a runed door.
  3899 | D:5      | Reached * piety under Beogh
  3912 | D:5      | Reached skill level 5 in Armour
  3912 | D:5      | Reached XP level 7. HP: 50/60 MP: 7/7
  4117 | D:4      | Found a large runed door.
  4117 | D:4      | Found a large runed door.
  4417 | D:3      | Slain by an ogre

Skill      XL: |  1  2  3  4  5  6 |
---------------+-------------------+-----
Axes           | 3 4 6 |  6.5
Fighting       | 4 |  4.7
Armour         | 4 5 |  5.0
Shields        | 4 |  4.8
Dodging        | |  0.5
Stealth        | |  0.5

Action                   |  1- 3 |  4- 6 |  7- 9 || total
-------------------------+-------+-------+-------++-------
Melee: War axe           |   294 |   208 |    34 ||   536
Invok: Convert to Beogh  |       |     1 |       ||     1
  Use: Scroll            |       |     3 |       ||     3
  Eat: Chunk             |     3 |     7 |       ||    10
       Royal jelly       |       |       |     1 ||     1
Armor: Scale mail        |    86 |    30 |       ||   116
       Plate armour      |       |    73 |    47 ||   120
Dodge: Dodged            |    66 |    41 |     9 ||   116
Block: Shield            |    69 |   115 |    37 ||   221
